 Dungeon Crawl Stone Soup version 0.20.0-15-g7f486f2 (webtiles) character file.

3112 Cactus the Arsonist (level 9, -1/62 HPs)
             Began as a Pale Draconian Fire Elementalist on June 17, 2017.
             Was a Believer of Vehumet.
             Slain by a troll (11 damage)
             ... on level 8 of the Dungeon on June 18, 2017.
             The game lasted 00:47:43 (11266 turns).

Cactus the Arsonist (DrFE)                         Turns: 11266, Time: 00:47:44

Health: -1/62      AC:  9    Str: 11    XL:     9   Next: 60%
Magic:  0/12       EV: 13    Int: 18    God:    Vehumet [**....]
Gold:   456        SH:  0    Dex: 12    Spells: 2/12 levels left

rFire    . . .     SeeInvis .   a - +0 spear
rCold    . . .     Gourm    .   (no shield)
rNeg     . . .     Faith    .   (armour unavailable)
rPois    .         Spirit   .   (helmet restricted)
rElec    .         Reflect  .   (no cloak)
rCorr    .         Harm     .   B - +0 pair of gloves
MR       .....                  j - +0 pair of boots
Stlth    ++........             (no amulet)
Regen    0.2/turn               C - ring of wizardry
MPRegen  0.2/turn               y - +4 ring of slaying

@: no status effects
A: breathe steam, unfitting armour, cold-blooded, AC +7
a: Breathe Steam, Renounce Religion


You were on level 8 of the Dungeon.
You worshipped Vehumet.
Vehumet was pleased with you.
You were not hungry.

You visited 2 branches of the dungeon, and saw 10 of its levels.

You collected 456 gold pieces.

Inventory:

Hand Weapons
 a - a +0 spear (weapon)
 r - a +0 club
Missiles
 p - 57 poisoned needles
Armour
 j - a +0 pair of boots (worn)
 B - a +0 pair of gloves (worn)
Jewellery
 e - an uncursed ring of stealth
 o - an uncursed ring of see invisible
 y - a +4 ring of slaying (right hand)
 C - a ring of wizardry (left hand)
 E - an uncursed ring of resist corrosion
 J - the ring "Zunnor" {*Corrode rN++ EV+3}
   (You found it on level 8 of the Dungeon)

   [ring of evasion]

   It affects your evasion (+3).
   It greatly protects you from negative energy.
   It may corrode you when you take damage.
Wands
 x - a wand of clouds (6/9)
 D - a wand of iceblast (4/15)
 H - a wand of acid (3/15)
 K - a wand of polymorph (13/24)
 L - a wand of polymorph (13/24)
Scrolls
 c - 2 scrolls of magic mapping
 d - a scroll of fear
 h - 5 scrolls of remove curse
 l - 2 scrolls of identify
 m - 2 scrolls of teleportation
 q - 3 scrolls of amnesia
Potions
 f - a potion of invisibility {unknown}
 i - 3 potions of curing
 s - 3 potions of haste
 t - 2 potions of heal wounds
 u - 2 potions of cancellation
 v - a potion of degeneration {unknown}
 w - a potion of flight {unknown}
 z - 2 potions of lignification
 A - 2 potions of brilliance
Books
 g - a book of Flames

   Spells                             Type                      Level
   a - Flame Tongue                   Conjuration/Fire             1
   b - Throw Flame                    Conjuration/Fire             2
   c - Conjure Flame                  Conjuration/Fire             3
   d - Inner Flame                    Hexes/Fire                   3
   e - Sticky Flame                   Conjuration/Fire             4
   f - Fireball                       Conjuration/Fire             5
 I - a book of Enchantments

   Spells                             Type                      Level
   a - Cause Fear                     Hexes                        4
   b - Yara's Violent Unravelling     Hexes/Transmutation          5
   c - Silence                        Hexes/Air                    5
   d - Deflect Missiles               Charms/Air                   6
   e - Discord                        Hexes                        8
Comestibles
 b - 7 bread rations
 k - 4 meat rations
 n - 5 royal jellies


   Skills:
 + Level 3.4 Polearms
 - Level 3.0 Dodging
 - Level 2.1 Stealth
 - Level 2.0 Spellcasting
 * Level 8.6 Conjurations
 * Level 10.5 Fire Magic


You had 2 spell levels left.
You knew the following spells:

 Your Spells              Type           Power        Failure   Level  Hunger
a - Throw Flame           Conj/Fire      #####.       1%          2    ###....
f - Conjure Flame         Conj/Fire      #####...     1%          3    ###....
s - Sticky Flame          Conj/Fire      #####...     1%          4    #####..
z - Flame Tongue          Conj/Fire      #####        1%          1    #......


Dungeon Overview and Level Annotations

Branches:
Dungeon (9/15)             Temple (1/1) D:7
   Lair: D:8-11         Orc: D:9-12

Altars:
Ashenzari
Cheibriados
Dithmenos
Elyvilon
Fedhas
Gozag
Hepliaklqana
Kikubaaqudgha
Makhleb
Nemelex Xobeh
Qazlal
Ru
Sif Muna
Trog
Uskayaw
Vehumet
Xom
Yredelemnul
Zin
The Shining One

Shops:
D:4 }(}

Annotations:
D:4 NoAnimeNoLife's ghost, amateur SpEn


Innate Abilities, Weirdness & Mutations

You can breathe blasts of scalding, opaque steam.
Your pale cyan-grey scales are hard. (AC +7)
You cannot fit into any form of body armour.
You are cold-blooded and may be slowed by cold attacks.


Message History

* * * LOW HITPOINT WARNING * * *
Unknown command.
Casting: Throw Flame
Confirm with . or Enter, or press ? or * to list all spells.
Aiming: Throw Flame
Press: ? - help, Shift-Dir - straight line, f/p - troll
Aim: a troll (severely wounded, covered in liquid flames)
The puff of flame misses the troll.
The troll burns!
The troll barely misses you.
The troll claws you but does no damage. x2
Casting: Throw Flame
Confirm with . or Enter, or press ? or * to list all spells.
Aiming: Throw Flame
Press: ? - help, Shift-Dir - straight line, f/p - troll
Aim: a troll (severely wounded, covered in liquid flames)
The puff of flame hits the troll.
The troll is severely wounded.
The troll burns!
The troll bites you but does no damage. The troll claws you.
* * * LOW HITPOINT WARNING * * *
The troll claws you!
You die...

.......# #..#.##.#### #.....#
.#####.# #..#..#.# #.....# .# ###
#..##.#.# #.....#
.#########.......# #.....#
...........##.#..# #######.....#
#####...#####.#..####...........#
..............##....#........####
#####...########....#........#
#.............T@...#........#
#.##...########....#........#
#.##...# #...'.............#
##.##...# #.###.............#
...##...# #.# #.............#
##.###### #.# #....#.......## ###
##'###....#.......#####
#...##....#...........#
#...#########.........#


You could see a troll (burning).

Vanquished Creatures
  Prince Ribbit (D:6)
  A hippogriff (D:7)
  A porcupine (D:9)
  An ice beast (D:8)
  2 black bears
  An orc warrior (Temple)
  A phantom (D:6)
  3 ogres
  A centaur (D:6)
  A crocodile (D:8)
  2 bullfrogs
  A wyvern zombie (D:8)
  A water moccasin skeleton (D:7)
  A scorpion (D:5)
  4 wights (D:6)
  A crimson imp (D:6)
  A centaur zombie (D:8)
  2 quasits
  3 hounds
  3 jellies
  A centaur skeleton (D:6)
  5 orc wizards
  2 gnoll shamans
  2 orc priests (D:7)
  An iguana (D:6)
  A bullfrog zombie (D:6)
  3 bullfrog skeletons
  8 worker ants
  2 hound zombies
  2 hound skeletons
  9 gnolls
  7 adders
  A howler monkey skeleton (D:7)
  6 shadow imps
  A white imp (D:7)
  An ooze (D:2)
  An adder zombie (D:5)
  3 worms
  11 leopard geckos
  17 orcs
  7 giant cockroaches
  8 goblins
  8 hobgoblins
  9 jackals
  7 kobolds
  5 quokkas
  A ball python skeleton (D:5)
  7 bats
  4 frilled lizards
  A jackal zombie (D:7)
  A quokka skeleton (D:5)
  A quokka zombie (D:6)
  5 rats
180 creatures vanquished.

Vanquished Creatures (others)
  4 fungi (D:9)
  A plant (D:9)
5 creatures vanquished.

Grand Total: 185 creatures vanquished

Notes
Turn   | Place    | Note
-------+----------+-------------------------------------------
     0 | D:1      | Cactus the Draconian Fire Elementalist began the quest for the Orb.
     0 | D:1      | Reached XP level 1. HP: 14/14 MP: 3/3
   400 | D:1      | Reached XP level 2. HP: 18/20 MP: 0/5
   519 | D:1      | Learned a level 2 spell: Throw Flame
  1221 | D:2      | Reached XP level 3. HP: 20/26 MP: 0/6
  1508 | D:2      | Reached skill level 4 in Fire Magic
  1681 | D:2      | Reached XP level 4. HP: 33/33 MP: 3/7
  2989 | D:3      | Reached XP level 5. HP: 30/38 MP: 2/8
  2992 | D:3      | Reached skill level 5 in Fire Magic
  4028 | D:4      | Found a sacrificial altar of Ru.
  4077 | D:4      | Found a radiant altar of Vehumet.
  4079 | D:4      | Noticed NoAnimeNoLife's ghost (amateur SpEn)
  4165 | D:3      | Reached XP level 6. HP: 32/45 MP: 7/9
  4255 | D:3      | Learned a level 4 spell: Sticky Flame
  4256 | D:4      | Found Geosoenei's Weapon Shop.
  4272 | D:4      | Found Eroemeeq's Gadget Emporium.
  4542 | D:4      | Found a stormy altar of Qazlal.
  4546 | D:4      | Became a worshipper of Vehumet
  4622 | D:5      | Entered Level 5 of the Dungeon
  4806 | D:5      | Reached skill level 6 in Fire Magic
  5034 | D:4      | Found Dyci's Gadget Boutique.
  5551 | D:5      | Your scales start taking on a pale cyan-grey colour.
  5551 | D:5      | Reached skill level 7 in Fire Magic
  5551 | D:5      | Reached XP level 7. HP: 50/50 MP: 2/10
  6404 | D:6      | Reached * piety under Vehumet
  6404 | D:6      | Offered knowledge of Sting by Vehumet.
  6404 | D:6      | Reached skill level 5 in Conjurations
  6815 | D:6      | Found a glowing golden altar of the Shining One.
  6954 | D:6      | Reached skill level 8 in Fire Magic
  6954 | D:6      | Reached XP level 8. HP: 25/57 MP: 2/11
  7397 | D:7      | Learned a level 3 spell: Conjure Flame
  8507 | D:8      | Offered knowledge of Magic Dart by Vehumet.
  8507 | D:8      | Reached skill level 9 in Fire Magic
  8782 | D:8      | Got a scorched wooden ring
  8939 | D:8      | Reached skill level 1 in Polearms
  9128 | D:8      | Reached ** piety under Vehumet
  9356 | D:7      | Noticed Prince Ribbit
  9366 | D:6      | Killed Prince Ribbit
  9366 | D:6      | Reached XP level 9. HP: 46/62 MP: 6/12
  9816 | D:7      | Found a staircase to the Ecumenical Temple.
  9825 | Temple   | Entered the Ecumenical Temple
 10158 | D:7      | Reached skill level 10 in Fire Magic
 10764 | D:8      | Identified the ring "Zunnor" {*Corrode rN++ EV+3} (You found it on level 8 of the Dungeon)
 11054 | D:9      | Noticed a troll
 11266 | D:8      | Slain by a troll

Skill      XL: |  1  2  3  4  5  6  7  8  9 |
---------------+----------------------------+-----
Conjurations   | 2 3 4 5 7 8 |  8.6
Fire Magic     | 4 5 7 8 9 10 | 10.5
Stealth        | 2 |  2.1
Dodging        | 2 3 |  3.0
Polearms       | 2 3 |  3.4
Spellcasting   | |  2.0

Action                   |  1- 3 |  4- 6 |  7- 9 || total
-------------------------+-------+-------+-------++-------
Melee: Spear             |    36 |    96 |   294 ||   426
       Tailslap          |     4 |     6 |    29 ||    39
 Cast: Flame Tongue      |    32 |    59 |   169 ||   260
       Throw Flame       |    10 |    71 |    55 ||   136
       Sticky Flame      |       |     1 |    20 ||    21
       Conjure Flame     |       |       |     1 ||     1
 Abil: Breathe Steam     |       |       |     2 ||     2
Evoke: Wand              |       |       |     3 ||     3
  Use: Scroll            |       |     1 |    14 ||    15
       Potion            |       |     1 |     1 ||     2
 Stab: Sleeping          |     3 |     1 |     2 ||     6
  Eat: Chunk             |     4 |    16 |    21 ||    41
       Fruit             |       |     1 |     2 ||     3
       Meat ration       |       |       |     1 ||     1
       Royal jelly       |       |       |     1 ||     1
Armor: Skin              |    14 |    51 |   163 ||   228
Dodge: Dodged            |    23 |    70 |   254 ||   347
